 Dungeon Sprint DCSS version 0.20.1-1-g8b1a95d (webtiles) character file.

965 wojtek the Basher (level 7, -4/70 HPs)
             Began as a Minotaur Fighter on Dec 30, 2017.
             Was a Follower of Makhleb.
             Slain by a sixfirhy (11 damage)
             ... summoned by a kobold demonologist
             ... in the Dungeon (Sprint I: "Red Sonja").
             The game lasted 00:01:04 (506 turns).

wojtek the Basher (Minotaur Fighter)                 Turns: 506, Time: 00:01:34

Health: -4/70      AC:  8    Str: 23    XL:     7   Next: 93%
Magic:  7/8        EV: 12    Int:  5    God:    Makhleb [*.....]
Gold:   418        SH: 11    Dex:  9    Spells: 6/6 levels left

rFire    . . .     SeeInvis .   a - +0 flail
rCold    . . .     Gourm    .   c - +0 shield
rNeg     . . .     Faith    .   b - +0 scale mail
rPois    .         Spirit   .   (helmet restricted)
rElec    .         Reflect  .   (no cloak)
rCorr    .         Harm     .   (no gloves)
MR       .....     NoTele   +   (no boots)
Stlth    ..........             (no amulet)
Regen    0.3/turn               (no ring)
MPRegen  0.2/turn               (no ring)

@: lethally poisoned (-4 -> -17)
A: retaliatory headbutt, horns 2
a: Renounce Religion


You were in the Dungeon.
You worshipped Makhleb.
Makhleb was aware of your devotion.
You were not hungry.

You visited 1 branch You collected 418 gold pieces.

Inventory:

Hand Weapons
 a - a +0 flail (weapon)
Armour
 b - a +0 scale mail (worn)
 c - a +0 shield (worn)
Scrolls
 k - 2 scrolls of blinking
 l - a scroll of enchant weapon {unknown}
Potions
 d - a potion of might
 e - a potion of curing
 g - a potion of heal wounds
 h - a potion of haste
 i - 2 potions of magic
 j - a potion of berserk rage
Comestibles
 f - a bread ration
 m - 4 chunks of flesh


   Skills:
 + Level 9.1 Fighting
 * Level 11.7 Maces & Flails
 + Level 9.4 Armour
 + Level 7.4 Dodging
 + Level 8.9 Shields
 + Level 3.3 Invocations


You had 6 spell levels left.
You didn't know any spells.

Dungeon Overview and Level Annotations

Branches:
Dungeon (1/1)

Altars:
Cheibriados
Dithmenos
Elyvilon
Fedhas
Gozag
Hepliaklqana
Kikubaaqudgha
Makhleb
Nemelex Xobeh
Okawaru
Qazlal
Ru
Sif Muna
Trog
Uskayaw
Vehumet
Xom
Yredelemnul
Zin
The Shining One
Jiyva
Lugonu

Shops:
D %


Innate Abilities, Weirdness & Mutations

You reflexively headbutt those who attack you in melee.
You have a pair of horns on your head.


Message History

You feel sick.
The kobold demonologist casts a spell.
The kobold demonologist hits you but does no damage.
You thump the kobold demonologist!
You kill the kobold demonologist!
Makhleb accepts your kill.
Your Fighting skill increases to level 9!
Your Dodging skill increases to level 7!
Your Invocations skill increases to level 3!
You feel sick. The sixfirhy hits you! The sixfirhy shocks you!
The sixfirhy hits you but does no damage.
The kobold demonologist casts a spell.
You block the sixfirhy's attack.
You closely miss the kobold demonologist.
You feel sick. The sixfirhy hits you! The sixfirhy shocks you!
* * * LOW HITPOINT WARNING * * *
You block the sixfirhy's attack. The sixfirhy hits you!
* * * LOW HITPOINT WARNING * * *
The sixfirhy shocks you!
You die...

####################
').#..'..#__#..3@K.#
#..').#..'..'..#)..#
##'#####'#__####4..+
#..#...#.#### #####
####..##.#
___##'#..+
∩...÷..._#
.__##_.#'#
___###+#.#


You could see a kobold demonologist, a sixfirhy and a red devil.

Vanquished Creatures
  A kobold demonologist (D)
  A slime creature (D)
  Sigmund (D)
  A yak (D)
  A floating eye (D)
  An ogre (D)
  A jelly (D)
  Ijyb (D)
8 creatures vanquished.

Vanquished Creatures (others)
  A gargoyle (D)
1 creature vanquished.

Grand Total: 9 creatures vanquished

Notes
Turn   | Place    | Note
-------+----------+-------------------------------------------
     0 | D        | wojtek the Minotaur Fighter began the quest for the Orb.
     0 | D        | Reached XP level 1. HP: 19/19 MP: 0/0
     1 | D        | Noticed Ijyb
    11 | D        | Killed Ijyb
    11 | D        | Reached skill level 4 in Maces & Flails
    11 | D        | Reached skill level 5 in Armour
    11 | D        | Reached skill level 1 in Dodging
    11 | D        | Reached XP level 2. HP: 26/28 MP: 1/1
    15 | D        | Noticed an ogre
    17 | D        | Killed an ogre
    17 | D        | Reached skill level 5 in Fighting
    17 | D        | Reached skill level 6 in Maces & Flails
    17 | D        | Reached skill level 5 in Shields
    17 | D        | Reached XP level 3. HP: 35/37 MP: 2/2
    17 | D        | Reached XP level 4. HP: 42/44 MP: 3/3
    26 | D        | Noticed Sigmund
    41 | D        | Killed Sigmund
    41 | D        | Reached skill level 8 in Maces & Flails
    41 | D        | Reached skill level 5 in Dodging
    41 | D        | Reached XP level 5. HP: 34/52 MP: 4/4
    41 | D        | Reached XP level 6. HP: 39/60 MP: 5/5
   145 | D        | Found a burning altar of Makhleb.
   145 | D        | Found a viscous altar of Jiyva.
   145 | D        | Found a shimmering altar of Xom.
   145 | D        | Found a corrupted altar of Lugonu.
   145 | D        | Noticed a slime creature
   154 | D        | Killed a slime creature
   154 | D        | Reached skill level 10 in Maces & Flails
   156 | D        | Became a worshipper of Makhleb the Destroyer
   312 | D        | Found a deep blue altar of Sif Muna.
   314 | D        | Found a radiant altar of Vehumet.
   345 | D        | Found Lafa's Food Emporium.
   345 | D        | Found an ancient bone altar of Kikubaaqudgha.
   345 | D        | Found a hazy altar of Hepliaklqana.
   345 | D        | Found a hide-covered altar of Uskayaw.
   345 | D        | Found a basalt altar of Yredelemnul.
   345 | D        | Found an opulent altar of Gozag.
   345 | D        | Found a snail-covered altar of Cheibriados.
   345 | D        | Found a sacrificial altar of Ru.
   345 | D        | Found a shadowy altar of Dithmenos.
   345 | D        | Noticed a yak
   349 | D        | Killed a yak
   349 | D        | Reached XP level 7. HP: 39/69 MP: 5/7
   350 | D        | Found a stormy altar of Qazlal.
   350 | D        | Found a blossoming altar of Fedhas.
   350 | D        | Found a bloodstained altar of Trog.
   350 | D        | Found an iron altar of Okawaru.
   350 | D        | Found a glowing golden altar of the Shining One.
   350 | D        | Found a glowing silver altar of Zin.
   350 | D        | Found a white marble altar of Elyvilon.
   353 | D        | Found a sparkling altar of Nemelex Xobeh.
   450 | D        | Killed a gargoyle
   488 | D        | Noticed a kobold demonologist
   489 | D        | Noticed a kobold demonologist
   492 | D        | Reached * piety under Makhleb
   492 | D        | Reached skill level 11 in Maces & Flails
   505 | D        | Noticed a sixfirhy
   505 | D        | Killed a kobold demonologist
   506 | D        | Noticed a red devil
   506 | D        | Slain by a sixfirhy

Skill      XL: |  1  2  3  4  5  6  7 |
---------------+----------------------+-----
Fighting       | 4 5 7 8 9 |  9.1
Maces & Flails | 4 6 8 10 11 | 11.7
Armour         | 5 6 7 8 9 |  9.4
Dodging        | 1 3 5 6 7 |  7.4
Shields        | 4 5 6 8 |  8.9
Invocations    | 2 3 |  3.3

Action                   |  1- 3 |  4- 6 |  7- 9 || total
-------------------------+-------+-------+-------++-------
Melee: Flail             |    11 |    21 |    16 ||    48
       Headbutt          |     5 |     6 |     3 ||    14
Armor: Scale mail        |     2 |     4 |     5 ||    11
Dodge: Dodged            |     4 |     4 |     4 ||    12
Block: Shield            |     4 |     3 |    12 ||    19
